Map: Blackburn LE

Players

Creator - Winner!

  • Race: Protoss Protoss

Scarlett

  • Race: Zerg Zerg

Event: TSL 8

VOD

Have the link to the VOD?

Description

Time

  • Played on: Nov. 28, 2021, 11:41 a.m.
  • Length: 11:20

All games in this series

Show
View Real Time Build Order
Export as new Build Order

Creator Protoss - Winner!

Build Orders: 1 Gate Expand, Oracle Opening, Mass Phoenix 

Get SALT Encoding   

  12  0:00  Probe  
  13  0:14  Pylon  
  13  0:17  Probe (Chrono Boost)  
  14  0:27  Probe (Chrono Boost)  
  15  0:32  Probe (Chrono Boost)  
  16  0:39  Gateway  
  16  0:44  Probe  
  16  0:48  Assimilator  
  17  0:56  Probe  
  18  1:08  Probe  
  19  1:20  Probe  
  19  1:25  Nexus  
  20  1:35  Cybernetics Core  
  20  1:39  Probe  
  21  1:44  Assimilator  
  21  1:51  Probe  
  22  1:54  Pylon  
  22  2:03  Probe (Chrono Boost)  
  23  2:12  Adept  
  26  2:15  Probe (Chrono Boost)  
  26  2:21  Stargate  
  26  2:23  Probe (Chrono Boost)  
  26  2:27  Warp Gate  
  27  2:30  Probe (Chrono Boost)  
  28  2:38  Probe (Chrono Boost)  
  28  2:42  Probe (Chrono Boost)  
  28  2:43  Adept  
  32  2:47  Probe (Chrono Boost)  
  32  2:48  Probe (Chrono Boost)  
  34  2:52  Probe (Chrono Boost)  
  34  2:56  Void Ray (Chrono Boost), Probe  
  36  3:04  Probe  
  41  3:08  Probe  
  42  3:14  Gateway  
  42  3:17  Pylon  
  42  3:18  Probe  
  43  3:20  Probe  
  44  3:30  Probe  
  44  3:32  Oracle (Chrono Boost)  
  44  3:33  Probe  
  46  3:39  Assimilator  
  46  3:41  Assimilator  
  49  3:44  Probe  
  49  3:45  Probe  
  49  3:46  Pylon  
  51  3:56  Probe  
  51  3:57  Probe  
  51  4:02  Stargate, Pylon  
  53  4:08  Probe  
  53  4:09  Probe  
  55  4:15  Phoenix  
  57  4:19  Adept  
  57  4:20  Probe  
  57  4:21  Probe  
  61  4:31  Nexus  
  61  4:37  Probe x2  
  63  4:40  Phoenix (Chrono Boost)  
  63  4:42  Pylon  
  65  4:45  Phoenix (Chrono Boost)  
  65  4:51  Robotics Facility  
  67  4:53  Probe x2  
  67  4:55  Pylon  
  69  5:01  Phoenix (Chrono Boost)  
  69  5:05  Probe  
  69  5:06  Phoenix (Chrono Boost)  
  72  5:09  Probe  
  75  5:17  Probe  
  75  5:20  Phoenix  
  78  5:22  Pylon  
  79  5:28  Probe  
  79  5:29  Probe  
  79  5:30  Phoenix  
  82  5:38  Shield Battery  
  82  5:44  Immortal  
  82  5:45  Phoenix, Probe  
  82  5:46  Probe  
  90  5:56  Probe  
  91  5:57  Probe  
  91  5:58  Phoenix, Probe  
  91  6:03  Assimilator x2  
  95  6:04  Pylon  
  93  6:11  Forge  
  93  6:12  Robotics Bay  
  93  6:15  Probe x2  
  93  6:16  Probe  
  96  6:18  Sentry  
  98  6:28  Gateway  
  98  6:29  Gateway, Probe x3  
  101  6:34  Robotics Facility  
  101  6:37  Warp Prism (Chrono Boost)  
  103  6:41  Sentry  
  103  6:42  Sentry  
  107  6:47  Probe  
  107  6:48  Probe x2  
  110  7:02  Protoss Ground Weapons Level 1 (Chrono Boost)  
  110  7:06  Gateway  
  110  7:07  Gateway  
  110  7:09  Stalker  
  110  7:10  Stalker, Gateway, Disruptor (Chrono Boost)  
  110  7:12  Twilight Council  
  110  7:13  Pylon  
  110  7:15  Pylon  
  117  7:17  Pylon  
  117  7:23  Colossus  
  117  7:27  Extended Thermal Lance  
  117  7:28  Pylon  
  117  7:34  Photon Cannon  
  117  7:35  Stalker, Gateway  
  125  7:47  Nexus, Colossus, Blink (Chrono Boost)  
  125  7:51  Photon Cannon  
  125  7:54  Shield Battery  
  131  8:05  Probe x3  
  134  8:12  Stalker x3  
  140  8:24  Stalker  
  140  8:25  Stalker x3  
  148  8:29  Pylon  
  148  8:31  Pylon  
  148  8:33  Templar Archives  
  148  8:47  Disruptor  
  151  8:51  Stalker x5  
  161  8:56  Stalker x2  
  161  9:02  Zealot  
  148  9:18  Stalker x4  
  148  9:20  Zealot x3  
  141  9:42  High Templar x2  
  141  9:43  Stalker x3  
  141  9:44  Zealot x2  
  155  9:47  Archon  
  131  10:12  Stalker x7  
  125  10:26  Immortal  
  121  10:31  Probe x4  
  125  10:41  Stalker x4  
  125  10:42  Stalker  
  125  10:43  Zealot x3  
Show
View Real Time Build Order
Export as new Build Order

Scarlett Zerg 

Build Orders: Hatch First 

Get SALT Encoding   

  12  0:00  Drone  
  13  0:12  Overlord  
  13  0:16  Drone  
  14  0:30  Drone x2  
  16  0:43  Drone  
  17  0:51  Hatchery  
  17  0:54  Drone  
  17  0:58  Drone  
  18  1:09  Extractor  
  17  1:12  Spawning Pool  
  17  1:16  Drone  
  17  1:20  Drone  
  18  1:29  Drone  
  19  1:39  Drone  
  20  1:50  Overlord  
  20  1:59  Queen  
  22  2:04  Drone, Queen  
  22  2:05  Zergling x2  
  26  2:13  Drone  
  26  2:14  Metabolic Boost  
  27  2:20  Drone  
  28  2:28  Drone  
  28  2:29  Drone  
  30  2:37  Hatchery  
  30  2:40  Drone  
  30  2:45  Queen  
  30  2:51  Zergling x2  
  33  2:53  Overlord  
  33  2:56  Drone  
  34  3:00  Drone x2  
  36  3:12  Drone x4  
  40  3:14  Queen  
  40  3:18  Overlord  
  42  3:22  Drone x2  
  44  3:29  Overlord  
  44  3:36  Queen  
  44  3:37  Drone  
  44  3:38  Drone x2  
  49  3:42  Drone  
  49  3:43  Drone  
  49  3:48  Drone x3  
  54  3:49  Spore Crawler  
  54  3:55  Drone  
  54  3:57  Drone x4  
  54  4:00  Queen  
  60  4:03  Drone  
  61  4:10  Overlord  
  61  4:13  Zergling x6  
  64  4:18  Overlord  
  64  4:20  Drone  
  64  4:22  Extractor  
  64  4:24  Extractor  
  62  4:25  Roach Warren  
  62  4:27  Drone x4  
  65  4:33  Drone x5  
  65  4:36  Overlord  
  70  4:40  Lair  
  70  4:50  Drone x3  
  70  4:52  Extractor  
  72  4:54  Overlord  
  72  4:55  Drone, Spore Crawler  
  72  4:57  Spore Crawler  
  72  4:58  Zergling x14  
  77  5:10  Drone x3  
  80  5:15  Drone x3  
  83  5:22  Extractor  
  83  5:23  Evolution Chamber  
  83  5:24  Hatchery  
  83  5:25  Drone x6  
  85  5:28  Extractor  
  85  5:31  Overlord  
  85  5:32  Drone x2  
  86  5:35  Overlord  
  86  5:40  Queen x2  
  86  5:42  Glial Reconstitution  
  90  5:43  Overseer  
  90  5:53  Drone x9  
  90  5:54  Drone  
  98  6:01  Zerg Missile Weapons Level 1  
  98  6:07  Drone x5  
  98  6:11  Overlord x3  
  103  6:13  Queen  
  103  6:17  Spore Crawler  
  103  6:18  Queen  
  106  6:26  Spore Crawler  
  106  6:30  Roach x7  
  119  6:33  Infestation Pit  
  119  6:38  Queen  
  119  6:39  Queen  
  122  6:43  Spore Crawler  
  121  6:49  Drone x8  
  129  6:55  Spore Crawler  
  129  7:00  Drone x9  
  129  7:11  Drone  
  130  7:16  Spore Crawler  
  130  7:20  Evolution Chamber  
  128  7:23  Overlord x5  
  128  7:24  Overlord  
  128  7:29  Roach x4  
  136  7:32  Hive  
  136  7:35  Spire  
  136  7:36  Drone  
  136  7:38  Baneling Nest  
  136  7:42  Drone  
  136  7:43  Drone x10  
  142  7:49  Overlord x2  
  142  7:50  Overseer, Zerg Melee Weapons Level 1  
  142  7:58  Spore Crawler  
  142  8:03  Zerg Missile Weapons Level 2  
  140  8:09  Hatchery, Extractor  
  140  8:10  Drone x3, Extractor  
  140  8:16  Roach  
  140  8:17  Zergling x18, Roach x4  
  159  8:21  Centrifugal Hooks  
  159  8:27  Spore Crawler  
  159  8:33  Zergling x22, Spore Crawler  
  168  8:36  Ravager x3  
  168  8:38  Ravager x6  
  177  8:42  Zergling x14  
  177  8:48  Adrenal Glands  
  182  8:50  Greater Spire  
  182  8:55  Baneling x17  
  182  8:58  Overlord  
  182  9:03  Zergling x4  
  175  9:16  Zergling x14, Roach x8  
  175  9:17  Zergling x2  
  170  9:20  Roach x2  
  149  9:29  Roach x4  
  143  9:33  Roach x4  
  151  9:39  Ravager x8  
  151  9:40  Baneling x11  
  151  9:41  Baneling  
  159  9:51  Roach  
  159  9:52  Roach x8  
  168  10:01  Roach x6  
  168  10:06  Roach x5  
  171  10:13  Roach x6  
  162  10:20  Roach x6  
  155  10:26  Queen  
  137  10:30  Roach x3  
  137  10:31  Roach  
  137  10:35  Roach x3  
  119  10:44  Roach x6  
Tags
 
Add a new tag
Caveats
  • Supply blocks, unpowered buildings, or Contaminate may cause inaccurate times.
  • Supply counts are checked every 10 seconds.